 Dungeon Crawl Stone Soup version 0.31.0-11-ge490571c62 (webtiles) character file.

Game seed: 16878068389268795699

18311 jasper the Covert (level 12, -5/73 HPs)
             Began as a Vampire Alchemist on Feb 1, 2024.
             Was an Elder of Vehumet.
             Killed from afar by a rime drake (10 damage)
             ... with an icy flash freeze
             ... on level 2 of the Lair of Beasts.
             The game lasted 00:22:57 (13964 turns).

jasper the Covert (Vampire Alchemist)              Turns: 13964, Time: 00:22:58

Health: -5/73      AC: 11    Str:  7    XL:     12   Next: 26%
Magic:  0/21       EV: 17    Int: 22    God:    Vehumet [****..]
Gold:   512        SH:  5    Dex: 15    Spells: 6/23 levels left

rFire   + . .        Y - +6 rapier of Gof Ligoum {freeze, rF+}
rCold   + + .        (no shield)
rNeg    + + +        T - +0 steam dragon scales
rPois   ∞            f - +2 helmet
rElec   .            I - +1 cloak {Will+}
rCorr   .            n - +0 pair of gloves
SInv    +            (no boots)
Will    +++..        Q - amulet of reflection
Stlth   +++++++      g - ring of willpower
HPRegen 0.00/turn    W - +4 ring of slaying
MPRegen 0.17/turn

%: reflection
@: radiating poison, bloodless, inhibited regen
A: bloodless, fangs 3, see invisible, vampiric 2
a: Bat Form, Revivify, Renounce Religion


You were on level 2 of the Lair of Beasts.
You worshipped Vehumet.
Vehumet was greatly pleased with you.
You visited 3 branches of the dungeon, and saw 14 of its levels.

You collected 808 gold pieces.
You spent 296 gold pieces at shops.

Inventory:

Hand Weapons
 m - a +0 dagger
 u - a +1 rapier of draining
 U - a +2 dagger of distortion
 Y - the +6 rapier of Gof Ligoum (weapon) {freeze, rF+}
   (You took it off a kobold demonologist on level 11 of the Dungeon)

   rF+:       It protects you from fire.
Missiles
 d - 132 stones
 j - 25 poisoned darts
 C - a throwing net
 D - 18 boomerangs
 N - a curare-tipped dart
Armour
 a - a +0 robe
 f - a +2 helmet (worn)
 i - a +0 leather armour
 n - a +0 pair of gloves (worn)
 w - a +0 cloak
 I - a +1 cloak of willpower (worn)
 K - a +2 leather armour of willpower
 R - a +0 kite shield
 T - +0 steam dragon scales (worn)
Magical Staves
 S - a staff of earth
Jewellery
 g - a ring of willpower (left hand)
 M - a ring of resist corrosion
 P - a ring of protection from fire
 Q - an amulet of reflection (around neck)
 W - a +4 ring of slaying (right hand)
Wands
 q - a wand of roots (17)
 v - a wand of polymorph (16)
 A - a wand of paralysis (4)
 B - a wand of acid (19)
 E - a wand of flame (3)
 J - a wand of mindburst (11)
 O - a wand of digging (7)
Scrolls
 e - 5 scrolls of teleportation
 k - a scroll of torment
 y - 3 scrolls of immolation
 F - 2 scrolls of vulnerability
 V - a scroll of fear
 X - 2 scrolls of poison
Potions
 b - 2 potions of magic
 c - 3 potions of lignification
 h - 2 potions of attraction
 l - 2 potions of berserk rage
 o - 2 potions of heal wounds
 p - 2 potions of degeneration
 r - 4 potions of mutation
 s - 2 potions of enlightenment
 t - 2 potions of brilliance
 x - a potion of curing
 z - 4 potions of invisibility
 H - a potion of resistance {unknown}
 L - 2 potions of haste {unknown}


   Skills:
 + Level 7.6 Fighting
 + Level 8.9 Short Blades
 + Level 9.5 Dodging
 + Level 13.2 Stealth
 - Level 6.0 Spellcasting
 - Level 2.0 Conjurations
 - Level 2.0 Translocations
 - Level 3.0 Fire Magic
 - Level 3.0 Air Magic
 - Level 7.0 Alchemy
 - Level 5.0 Evocations


You had 6 spell levels left.
You knew the following spells:

 Your Spells              Type           Power      Damage    Failure   Level
a - Sting                 Conj/Alch      100%       1d9       1%          1
b - Mephitic Cloud        Conj/Alch/Air  24%        N/A       1%          3
c - Olgreb's Toxic Radia  Alch           37%        N/A       1%          4
d - Sticky Flame          Fire/Alch      28%        2d7       3%          4
e - Blink                 Tloc           30%        N/A       6%          2
f - Swiftness             Air            19%        N/A       8%          3

Your spell library contained the following spells:

 Spells                   Type           Power      Damage    Failure   Level
 Fireball                 Conj/Fire      8%         3d6       22%         5
 Magic Dart               Conj           60%        1d6       1%          1
 Shock                    Conj/Air       68%        1d7       1%          1
 Mercury Vapours          Alch/Air       56%        N/A       1%          2
 Volatile Blastmotes      Fire/Tloc      34%        2d12      2%          3
 Dazzling Flash           Conj/Hex       22%        N/A       5%          3
 Necrotise                Necr           24%        1d5       9%          1
 Slow                     Hex            24%        N/A       9%          1
 Call Imp                 Summ           12%        N/A       14%         2
 Ensorcelled Hibernation  Hex/Ice        12%        N/A       14%         2
 Confusing Touch          Hex            6%         N/A       26%         3
 Passwall                 Erth           6%         N/A       26%         3
 Sigil of Binding         Hex            6%         N/A       26%         3
 Vampiric Draining        Necr           6%         2d6       26%         3
 Anguish                  Hex/Necr       3%         N/A       65%         4
 Martyr's Knell           Necr/Summ      6%         N/A       65%         4
 Starburst                Conj/Fire      8%         6d4       73%         6
 Curse of Agony           Necr           6%         N/A       94%         5
 Maxwell's Capacitive Co  Air            9%         ∞         100%        8


Dungeon Overview and Level Annotations

Branches:
Dungeon (11/15)            Temple (1/1) D:4            Lair (2/5) D:10
    Orc (0/2) D:10
  Swamp: Lair:2-3    Shoals: Lair:2-3     Snake: Lair:2-3    Spider: Lair:2-3

Altars:
Ashenzari
Cheibriados
Dithmenos
Fedhas
Gozag
Hepliaklqana
Kikubaaqudgha
Makhleb
Nemelex Xobeh
Okawaru
Qazlal
Ru
Sif Muna
Trog
Vehumet
Wu Jian
Xom
Yredelemnul

Shops:
D:1 (   D:5 (   D:6 ?

Annotations:
D:7 Maggie
D:11 2 transporters
Lair:1 1 runed translucent door, Cadnt's ghost, journeyman HuFi


Innate Abilities, Weirdness & Mutations

You do not regenerate when monsters are visible.
You are frail without blood (-20% HP).
You can heal yourself when you bite living creatures.
You are immune to poison.
You have razor-sharp teeth.
You have supernaturally acute eyesight. (SInv)
You are afflicted with vampirism and can become a bat while bloodless.


Message History

The eight-headed hydra bites you! x3
* * * LOW HITPOINT WARNING * * *
The eight-headed hydra barely misses you.
The rime drake barely misses you.
Unknown command.
You feel much better.
The eight-headed hydra burns!
The eight-headed hydra bites you!
The eight-headed hydra bites you but does no damage.
The eight-headed hydra bites you! The eight-headed hydra misses you.
The eight-headed hydra bites you.
* * * LOW HITPOINT WARNING * * *
The eight-headed hydra misses you.
You block the eight-headed hydra's attack.
The eight-headed hydra bites you!
* * * LOW HITPOINT WARNING * * *
The rime drake bites you but does no damage.
You feel much better.
The eight-headed hydra burns!
The rime drake barely misses you.
The eight-headed hydra closely misses you.
The eight-headed hydra bites you but does no damage.
The eight-headed hydra bites you!
* * * LOW HITPOINT WARNING * * *
The eight-headed hydra bites you!
* * * LOW HITPOINT WARNING * * *
You block the eight-headed hydra's attack.
The eight-headed hydra bites you.
* * * LOW HITPOINT WARNING * * *
The eight-headed hydra bites you.
* * * LOW HITPOINT WARNING * * *
The eight-headed hydra barely misses you.
Blink to where?
Press: ? - help, Dir - move target, p - eight-headed hydra
As you read the scroll of blinking, it crumbles to dust.
The eight-headed hydra shakes off the sticky flame as it moves.
Casting: Sticky Flame (dangerous; 3% risk of failure)
Confirm with . or Enter, or press ? or * to list all spells.
You begin to radiate toxic energy.
The rime drake looks even sicker.
The rime drake breathes ice at you. The icy flash freeze hits you!
You partially resist.
You die...

.......#.........P.#.##
................kD.#.#
.......#.............#
.....#............^..#
.....#........P#.#...#
..##..........##.....##
...#..........P#.....P#
..##.............#...##
..#........#..#.@#....#
.....#...#..#........##
.......#.#.##........##
.........#..#........P#
#........P.##.........#
.......P...#.........##
.........#.##........##
.......#.#............#
.....................##


You could see an eight-headed hydra and a rime drake (very poisoned, catching
breath).

Vanquished Creatures
  A boulder beetle (Lair:2)
  2 two-headed ogres (D:11)
  Nergalle (Lair:1)
  2 skysharks (Lair:2)
  An ugly thing (D:11)
  Maurice (D:7)
  A cyclops (D:11)
  2 manticores (D:11)
  2 black mambas (Lair:2)
  5 cane toads
  A torpor snail (Lair:2)
  A kobold demonologist (D:11)
  A rime drake (Lair:1)
  8 komodo dragons
  2 trolls
  2 polar bears (D:10)
  A hornet (D:9)
  A vampire (D:6)
  A wraith (D:11)
  A spriggan (D:10)
  A basilisk (Lair:2)
  2 wyverns
  2 steam dragons
  3 vampire mosquitoes (D:11)
  Menkaure (D:4)
  7 water moccasins
  An acid dragon (D:10)
  5 orc warriors
  3 sky beasts
  An ice beast (D:6)
  2 centaurs
  A phantom (D:6)
  3 kobold brigands
  6 bullfrogs
  2 gnoll sergeants
  2 scorpions
  A water moccasin zombie (D:6)
  5 wights (D:9)
  16 killer bees
  4 electric eels (D:8)
  6 howler monkeys
  4 bombardier beetles
  2 centaur zombies (D:6)
  2 hounds
  Crazy Yiuf (D:3)
  A gnoll bouda (D:5)
  3 jellies
  2 bullfrog zombies (D:6)
  6 orc priests
  An iguana (D:6)
  10 orc wizards
  A howler monkey zombie (D:6)
  15 gnolls
  7 adders
  A shadow imp (D:5)
  A white imp (D:7)
  2 dart slugs
  4 ribbon worms
  44 orcs
  3 endoplasms
  4 giant cockroaches (D:1)
  3 goblins
  5 hobgoblins
  3 jackals (D:1)
  9 kobolds
  A quokka (D:1)
  3 training dummies (D:5)
  6 ball pythons
  5 bats
  A frilled lizard (D:1)
  6 rats
267 creatures vanquished.

Vanquished Creatures (others)
  An orc wizard (D:7)
1 creature vanquished.

Grand Total: 268 creatures vanquished

Notes
Turn   | Place    | Note
-------+----------+-------------------------------------------
     0 | D:1      | jasper the Vampire Alchemist began the quest for the Orb.
     0 | D:1      | Reached XP level 1. HP: 13/13 MP: 3/3
   190 | D:1      | Reached XP level 2. HP: 15/15 MP: 3/5
   506 | D:1      | Found Fuhay's Weapon Emporium.
  1204 | D:2      | Gained mutation: You are afflicted with vampirism and can
                  | become a bat while bloodless. [Vampire growth]
  1204 | D:2      | Reached XP level 3. HP: 19/19 MP: 4/6
  1210 | D:2      | Learned a level 3 spell: Mephitic Cloud
  1507 | D:2      | Reached skill level 5 in Alchemy
  1948 | D:2      | Reached XP level 4. HP: 24/24 MP: 2/7
  2499 | D:1      | Bought a +1 rapier of draining for 170 gold pieces
  2776 | D:3      | Identified the +0 scale mail "Pawangoq" {rF+ Stlth+}
  2804 | D:3      | Found an ancient bone altar of Kikubaaqudgha.
  3063 | D:3      | Identified the +3 plate armour of the Beginning {+Inv Fly
                  | rF-}
  3084 | D:3      | Found a runed translucent door.
  3085 | D:3      | Noticed Crazy Yiuf
  3095 | D:3      | Killed Crazy Yiuf
  3263 | D:4      | Found a stormy altar of Qazlal.
  3263 | D:4      | Noticed a sky beast
  3279 | D:4      | Killed a sky beast
  3280 | D:4      | Reached XP level 5. HP: 11/28 MP: 1/9
  3285 | D:4      | Learned a level 4 spell: Olgreb's Toxic Radiance
  3652 | D:4      | Identified the +2 ring mail of Sorcery {Dex+5}
  3782 | D:4      | Found a staircase to the Ecumenical Temple.
  3800 | Temple   | Entered the Ecumenical Temple
  3809 | Temple   | Became a worshipper of Vehumet
  3868 | D:4      | Reached XP level 6. HP: 31/32 MP: 7/11
  3873 | D:4      | Learned a level 4 spell: Sticky Flame
  3905 | D:4      | Noticed Menkaure
  3908 | D:4      | Killed Menkaure
  4188 | D:5      | Entered Level 5 of the Dungeon
  4211 | D:5      | Reached skill level 1 in Conjurations
  4216 | D:5      | Reached skill level 1 in Air Magic
  4343 | D:5      | Reached XP level 7. HP: 36/36 MP: 5/13
  4348 | D:5      | Learned a level 2 spell: Blink
  4751 | D:5      | Identified the +6 hand axe of Qiusam {heavy, *Noise Fly
                  | Int+6 Stlth+}
  4975 | D:5      | Found Adoyno's Firing Range.
  5060 | D:5      | Reached skill level 1 in Translocations
  5060 | D:5      | Reached skill level 1 in Fire Magic
  5174 | D:5      | Reached * piety under Vehumet
  5174 | D:5      | Offered knowledge of Kiss of Death by Vehumet.
  5509 | D:6      | Reached skill level 1 in Fighting
  5509 | D:6      | Reached XP level 8. HP: 43/43 MP: 8/14
  5510 | D:6      | Reached skill level 4 in Stealth
  5643 | D:6      | Found a broken altar of Ashenzari.
  5665 | D:6      | Found a basalt altar of Yredelemnul.
  5673 | D:6      | Reached skill level 1 in Short Blades
  5679 | D:6      | Reached skill level 5 in Stealth
  5880 | D:6      | Found Oneninam's Magic Scroll Shop.
  5891 | D:6      | Bought a scroll of teleportation for 36 gold pieces
  5891 | D:6      | Bought a scroll of blinking for 90 gold pieces
  5920 | D:6      | Reached skill level 6 in Stealth
  6217 | D:6      | Found a hazy altar of Hepliaklqana.
  6412 | D:7      | Reached ** piety under Vehumet
  6412 | D:7      | Offered knowledge of Static Discharge by Vehumet.
  6515 | D:7      | Noticed Maurice
  6523 | D:7      | Maurice stole 6 poisoned darts
  6536 | D:7      | Killed Maurice
  6537 | D:7      | Reached skill level 5 in Dodging
  6537 | D:7      | Reached skill level 7 in Stealth
  6537 | D:7      | Reached XP level 9. HP: 44/51 MP: 3/15
  7084 | D:7      | Found an ornate altar of the Wu Jian Council.
  7149 | D:7      | Reached skill level 8 in Stealth
  7219 | D:7      | Noticed Maggie
  7393 | D:8      | Offered knowledge of Hailstorm by Vehumet.
  7578 | D:8      | Found a sparkling altar of Nemelex Xobeh.
  7712 | D:8      | Reached *** piety under Vehumet
  7713 | D:8      | Reached skill level 5 in Short Blades
  7930 | D:8      | Found a blossoming altar of Fedhas.
  8041 | D:8      | Found an opulent altar of Gozag.
  8213 | D:8      | Reached skill level 9 in Stealth
  8293 | D:8      | Got Ystremyet's Quarto of the Stormy Jinx
  8842 | D:9      | Reached skill level 5 in Spellcasting
  8842 | D:9      | Reached XP level 10. HP: 56/58 MP: 6/17
  8846 | D:9      | Learned a level 3 spell: Swiftness
  8954 | D:9      | Offered knowledge of Flame Wave by Vehumet.
  9130 | D:9      | Reached skill level 5 in Fighting
  9240 | D:9      | Found a sacrificial altar of Ru.
  9922 | D:10     | Entered Level 10 of the Dungeon
  9985 | D:10     | Reached **** piety under Vehumet
 10274 | D:10     | Reached skill level 10 in Stealth
 10395 | D:10     | Found a staircase to the Orcish Mines.
 10438 | D:10     | Offered knowledge of Fireball by Vehumet.
 10992 | D:10     | Found a staircase to the Lair.
 11011 | D:10     | Found a bloodstained altar of Trog.
 11307 | D:11     | Noticed a cyclops
 11414 | D:11     | Killed a cyclops
 11415 | D:11     | Reached skill level 1 in Evocations
 11452 | D:11     | Found a transporter.
 11452 | D:11     | Found a transporter.
 11452 | D:11     | Noticed a boulder beetle
 11452 | D:11     | Noticed a boulder beetle
 11514 | D:11     | Identified the +6 rapier of Gof Ligoum {freeze, rF+}
 11523 | D:11     | Reached XP level 11. HP: 64/64 MP: 13/20
 11603 | D:11     | Noticed a two-headed ogre
 11608 | D:11     | Killed a two-headed ogre
 11613 | D:11     | Noticed a two-headed ogre
 11630 | D:11     | Killed a two-headed ogre
 11829 | D:11     | Reached skill level 5 in Evocations
 11903 | D:11     | Noticed a white ugly thing
 11916 | D:11     | Killed a white ugly thing
 11917 | D:11     | Reached skill level 11 in Stealth
 12184 | Lair:1   | Entered Level 1 of the Lair of Beasts
 12950 | Lair:1   | Reached skill level 12 in Stealth
 13313 | Lair:1   | Noticed Nergalle
 13317 | Lair:1   | Killed Nergalle
 13410 | Lair:1   | Found a runed translucent door.
 13415 | Lair:1   | Noticed a death yak
 13415 | Lair:1   | Noticed Cadnt's ghost (journeyman HuFi)
 13474 | Lair:2   | Noticed a boulder beetle
 13486 | Lair:2   | Killed a boulder beetle
 13487 | Lair:2   | Noticed a skyshark
 13514 | Lair:2   | Killed a skyshark
 13521 | Lair:2   | Reached XP level 12. HP: 44/72 MP: 13/21
 13744 | Lair:2   | Reached skill level 13 in Stealth
 13941 | Lair:2   | Noticed an eight-headed hydra
 13964 | Lair:2   | Killed from afar by a rime drake

Illustrated notes

Levels and vault maps discovered:
D:1:      minmay_arrival_plants_in_alcoves, layout_loops_cross, serial_shops,
          shop, amethyst_killhole, minmay_hedge_maze
D:2:      layout_basic, minmay_misc_feat_iff
D:3:      layout_basic, kiku_gazebo_pond_becter, uniq_crazy_yiuf_cottage
D:4:      layout_gridville, nicolae_qazlal_beasts_of_the_sky,
          minmay_temple_entry_glass, minmay_misc_feat_chi, uniq_menkaure
D:5:      layout_loops_corners, nicolae_shop_firing_range
D:6:      layout_cave_pools, worldfamousw_hep_ancestral_shrine,
          lemuel_doored_altar, evilmike_ruin_ashenzari,
          nicolae_yredelemnul_corpse_copse, serial_shops, nicolae_shop_trees,
          chequers_serial_rivers_small_b, chequers_avenue
D:7:      layout_loops_ring, marbit_many_paths, dancing_weapons_uskayaw,
          lemuel_tele_altar, uniq_maurice, uniq_maggie
D:8:      nicolae_moon_pools, layout_rooms, lemuel_coloured_pillars_altar,
          grunt_gozag_breadcrumbs, nemelex_diamond_rough_becter,
          minmay_fractal_squares_5
D:9:      layout_basic, nicolae_ru_awakened_eye
D:10:     layout_long_grid, trog_ov_bears_minmay, mainiacjoe_overflow_24_doors,
          lair_entry_dummy, orc_0_dummy, the_hattery
D:11:     gammafunk_boulding_lane, layout_loops_ring
Temple:   nicolae_temple_great_sept
Lair:1:   dreamdust_cave_troll, layout_loops_ring, ebering_ghost_inner_flame,
          infiniplex_staircase_pool_2, lemuel_fruit_tree, uniq_nergalle
Lair:2:   nzn_winding_woodlands_small [nzn_winding_woodlands_5x15_zeroes,
          nzn_winding_woodlands_center_garden,
          nzn_winding_woodlands_5x15_concentric], layout_long_grid,
          beast_lair_carwin_3, uniq_gastronok

Skill      XL: |  1  2  3  4  5  6  7  8  9 10 11 12 |
---------------+-------------------------------------+-----
Alchemy        | 4 5 6 7 |  7.0
Spellcasting   | 3 4 5 6 |  6.0
Conjurations   | 1 2 |  2.0
Air Magic      | 1 2 3 |  3.0
Translocations | 2 |  2.0
Fire Magic     | 3 |  3.0
Fighting       | 1 3 4 5 7 |  7.6
Dodging        | 5 6 7 9 |  9.5
Stealth        | 7 9 10 12 13 | 13.2
Short Blades   | 3 5 6 8 |  8.9
Evocations     | 2 5 |  5.0

Action                     |  1- 3 |  4- 6 |  7- 9 | 10-12 || total
---------------------------+-------+-------+-------+-------++-------
  Melee: Unarmed           |     2 |       |       |       ||     2
         Dagger            |     8 |       |       |       ||     8
         Bite              |     1 |     1 |    15 |    25 ||    42
         Rapier            |       |    31 |   130 |   165 ||   326
         Punch             |       |       |     3 |     3 ||     6
   Cast: Sting             |    69 |    37 |    12 |       ||   118
         Mephitic Cloud    |       |     1 |     2 |    17 ||    20
         Olgreb's Toxic Ra |       |     4 |    43 |    38 ||    85
         Sticky Flame      |       |     1 |    15 |    23 ||    39
Ability: Exsanguinate      |     1 |       |       |       ||     1
  Evoke: Wand              |       |       |     1 |     3 ||     4
    Use: Scroll            |     4 |     2 |     8 |    12 ||    26
         Potion            |       |       |       |     2 ||     2
   Stab: Sleeping          |       |     7 |    18 |    14 ||    39
         Confused          |       |       |     2 |    10 ||    12
         Paralysed         |       |       |       |     1 ||     1
 Armour: Robe              |    13 |    21 |   106 |    70 ||   210
         Steam dragon scal |       |       |       |    49 ||    49
  Dodge: Dodged            |    18 |    24 |    90 |   141 ||   273
  Block: Other             |       |       |       |    44 ||    44
         Reflection        |       |       |       |     3 ||     3
